 Dungeon Crawl Stone Soup version 0.29.0-4-gdea44cf6ec (webtiles) character file.

Game seed: 1083069214329946394

2171 qw the Cleaver (level 9, -1/54 HPs)
             Began as a Tengu Warper on Aug 28, 2022.
             Was a Believer of Okawaru.
             Killed by divine providence
             ... invoked by an orc priest
              (15 damage)
             ... on level 6 of the Dungeon.
             The game lasted 00:00:49 (8300 turns).

qw the Cleaver (Tengu Warper)                       Turns: 8300, Time: 00:00:49

Health: -1/54      AC: 25    Str: 15    XL:     9   Next: 32%
Magic:  12/13      EV:  8    Int: 15    God:    Okawaru [**....]
Gold:   301        SH:  0    Dex: 13    Spells: 12/12 levels left

rFire   . . .      SeeInvis .   Y - +3 war axe (protect)
rCold   . . .      Faith    .   (no shield)
rNeg    . . .      Spirit   .   a - +0 plate armour
rPois   .          Reflect  .   (helmet restricted)
rElec   .          Harm     .   (no cloak)
rCorr   .          Rampage  .   (no gloves)
Will    +....                   (boots unavailable)
Stlth   ..........              (no amulet)
HPRegen 0.18/turn               j - +4 ring of protection
MPRegen 0.13/turn               k - ring of willpower

@: heroic, under a protective aura, flying quickly and evasively, quick
A: beak, talons 3, nimble flight
a: Renounce Religion, Heroism


You were on level 6 of the Dungeon.
You worshipped Okawaru.
Okawaru was pleased with you.
You visited 2 branches of the dungeon, and saw 7 of its levels.
You also visited: Ossuary.

You collected 301 gold pieces.


Innate Abilities, Weirdness & Mutations

You have a beak for a mouth.
You have claws for feet.
Your magical nature lets you fly swiftly and evasively.


   Skills:
 - Level 5.0(10.0) Fighting
 + Level 10.2(15.2) Axes
 - Level 1.0(6.0) Throwing
 - Level 4.3(9.3) Armour
 - Level 2.1(7.1) Dodging
 - Level 2.0 Spellcasting
 - Level 2.4 Translocations
 - Level 4.3 Invocations


You had 12 spell levels left.
You didn't know any spells.
Your spell library contained the following spells:

 Spells                   Type           Power      Damage    Failure   Level
 Blink                    Tloc           16%        N/A       99%         2
 Gell's Gravitas          Tloc           8%         N/A       100%        3
 Lesser Beckoning         Tloc           8%         N/A       100%        3
 Teleport Other           Tloc           8%         N/A       100%        3
 Manifold Assault         Tloc           8%         N/A       100%        5

Inventory:

Hand Weapons
 b - a +0 flail
 Y - a +3 war axe of protection (weapon)
Armour
 a - a +0 plate armour (worn)
Jewellery
 c - a ring of fire
 e - a ring of resist corrosion
 j - a +4 ring of protection (left hand)
 k - a ring of willpower (right hand)
 m - an amulet of reflection
Scrolls
 d - 5 scrolls of teleportation
 h - a scroll of identify
 l - a scroll of enchant armour {unknown}
Potions
 f - 2 potions of curing
 g - a potion of resistance
 i - a potion of might
 o - a potion of mutation {unknown}
 p - a potion of heal wounds {unknown}

Dungeon Overview and Level Annotations

Branches:
Dungeon (6/15)             Temple (1/1) D:4         Ossuary (visited)

Altars:
Ashenzari
Elyvilon
Fedhas
Hepliaklqana
Kikubaaqudgha
Makhleb
Nemelex Xobeh
Okawaru
Qazlal
Ru
Sif Muna
Trog
Uskayaw
Wu Jian
Xom
Yredelemnul
Zin
The Shining One

Annotations:
D:3 2 transporters, qw's ghost, amateur TeWr


Message History

The orc warrior barely misses you.
You closely miss the orc warrior. You claw the orc warrior.
The orc warrior is moderately wounded.
The orc warrior hits you with a +0 halberd!
You hit the orc warrior.
Your weapon exudes an aura of protection.
You peck the orc warrior, but do no damage.
The orc warrior is moderately wounded.
You slash the orc warrior!
The orc warrior is heavily wounded.
The orc priest invokes the aid of Beogh against you.
Beogh smites you! The orc warrior closely misses you.
You hit the orc warrior but do no damage.
You peck the orc warrior.
The orc warrior is severely wounded.
The orc priest calls upon Beogh to heal the orc warrior.
The orc warrior is healed somewhat.
The orc warrior hits you with a +0 halberd.
You closely miss the orc warrior.
You claw the orc warrior, but do no damage.
The orc warrior is heavily wounded.
The orc warrior jeers to no one in particular.
You slash the orc warrior! Your peck misses the orc warrior.
The orc warrior is almost dead.
You closely miss the orc warrior. Your peck misses the orc warrior.
The orc warrior is almost dead.
The orc warrior hits you with a +0 halberd!
You hit the orc warrior. Your kick misses the orc warrior.
The orc warrior is almost dead.
You barely miss the orc wizard.
The orc warrior hits you but does no damage.
The orc wizard hits you with a +0 dagger.
You closely miss the orc warrior. You claw the orc warrior.
You kill the orc warrior!
Okawaru accepts your kill.
You closely miss the orc wizard.
The orc wizard hits you but does no damage.
The orc priest mumbles some strange prayers to Beogh against you.
Beogh smites you!
You die...

. .. ... ....
####..... #)oo.....
#@# .#### #.### .#..+
#...# ...# ###.##...#
#......(.#
#.#####.#.#....#
#.....#.#...#########
#...%.)##...#...#
#.#.#...'...#...#


You could see an orc priest and an orc wizard.

Vanquished Creatures
  A troll (D:5)
  Menkaure (D:5)
  Duvessa (D:5)
  An orc warrior (D:6)
  2 black bears
  An ice beast (D:5)
  2 ogres
  A centaur (D:6)
  3 phantoms
  2 scorpions
  Dowan (D:5)
  2 vampire bats (D:4)
  A howler monkey (D:4)
  A centaur zombie (Ossuary)
  4 hounds
  3 orc priests
  A human zombie (Ossuary)
  A jelly (D:5)
  4 iguanas
  2 orc wizards
  3 mummies (Ossuary)
  9 adders
  2 white imps
  An adder zombie (D:3)
  2 worms
  12 orcs
  16 ball pythons
  5 bats
  A bat skeleton (D:4)
  4 bat zombies (D:4)
  9 endoplasms
  4 giant cockroaches
  13 goblins
  6 hobgoblins
  A jackal (D:5)
  3 quokkas
  5 frilled lizards
  2 hobgoblin zombies (Ossuary)
  8 kobolds
  2 kobold zombies (Ossuary)
  2 orc zombies (Ossuary)
  A quokka zombie (D:3)
  8 rats
154 creatures vanquished.

Notes
Turn   | Place    | Note
-------+----------+-------------------------------------------
     0 | D:1      | qw the Tengu Warper began the quest for the Orb.
     0 | D:1      | Reached XP level 1. HP: 12/12 MP: 4/4
     0 | D:1      | 0 ||| qw: Version: 0.1-a-89-g26bdef1
     0 | D:1      | 0 ||| qw: Game counter: 2867
     0 | D:1      | 0 ||| qw: Always use a shield: true
     0 | D:1      | 0 ||| qw: God list: Okawaru
     0 | D:1      | 0 ||| qw: Allow faded altars: false
     0 | D:1      | 0 ||| qw: Do Orc after D:15 true
     0 | D:1      | 0 ||| qw: Do second Lair branch before Depths: true
     0 | D:1      | 0 ||| qw: Lair rune preference: random
     0 | D:1      | 0 ||| qw: Plans: Normal
     0 | D:1      | 0 ||| PLANNING D:1-11
   117 | D:1      | Reached skill level 3 in Axes
   117 | D:1      | Reached XP level 2. HP: 13/17 MP: 6/6
   368 | D:1      | 368 ||| Stepping ~*~*~tactically~*~*~ (stealth).
   373 | D:1      | 373 ||| Stepping ~*~*~tactically~*~*~ (stealth).
   847 | D:1      | Reached XP level 3. HP: 21/21 MP: 7/7
   881 | D:1      | 881 ||| Stepping ~*~*~tactically~*~*~ (stealth).
   883 | D:1      | 883 ||| Stepping ~*~*~tactically~*~*~ (stealth).
  1138 | D:1      | Reached skill level 4 in Axes
  1295 | D:1      | 1295 ||| UPGRADING to +4 ring of protection.
  1296 | D:1      | 1296 ||| READING scroll labelled FOLIRU WEPPITT.
  1300 | D:1      | 1300 ||| READING scroll labelled SICITW OLIP.
  1301 | D:1      | 1301 ||| READING scroll labelled VAX SI BYWEF.
  1302 | D:1      | 1302 ||| DROPPING scroll of blinking.
  1338 | D:2      | Found a faded altar of an unknown god.
  1344 | D:2      | 1344 ||| STAIRDANCE
  1581 | D:2      | Reached XP level 4. HP: 24/26 MP: 8/8
  1650 | D:2      | 1650 ||| Stepping ~*~*~tactically~*~*~ (stealth).
  1654 | D:2      | 1654 ||| Stepping ~*~*~tactically~*~*~ (stealth).
  1656 | D:2      | 1656 ||| Stepping ~*~*~tactically~*~*~ (stealth).
  2065 | D:2      | 2065 ||| Stepping ~*~*~tactically~*~*~ (stealth).
  2067 | D:2      | 2067 ||| Stepping ~*~*~tactically~*~*~ (stealth).
  2069 | D:2      | Reached skill level 5 in Axes
  2072 | D:2      | 2072 ||| Stepping ~*~*~tactically~*~*~ (stealth).
  2073 | D:2      | 2073 ||| Stepping ~*~*~tactically~*~*~ (stealth).
  2191 | D:2      | 2191 ||| Stepping ~*~*~tactically~*~*~ (stealth).
  2213 | D:2      | 2213 ||| DROPPING +0 club.
  2221 | D:2      | 2221 ||| Stepping ~*~*~tactically~*~*~ (stealth).
  2351 | D:2      | 2351 ||| Stepping ~*~*~tactically~*~*~ (stealth).
  2380 | D:2      | 2380 ||| Stepping ~*~*~tactically~*~*~ (stealth).
  2607 | D:2      | 2607 ||| UPGRADING to +0 plate armour.
  2617 | D:2      | 2617 ||| DROPPING +0 leather armour.
  2618 | D:2      | 2618 ||| DROPPING ring of magical power.
  2619 | D:2      | 2619 ||| READING scroll labelled HUGUDO GUNANG.
  2620 | D:2      | 2620 ||| READING scroll labelled EPNOGI GYEL.
  2621 | D:2      | 2621 ||| Stepping randomly (stuck).
  2622 | D:2      | 2622 ||| Stepping ~*~*~tactically~*~*~ (cloud).
  2627 | D:2      | HP: 6/26 [poisoned by you (poison gas)]
  2954 | D:3      | 2954 ||| Stepping ~*~*~tactically~*~*~ (stealth).
  2956 | D:3      | 2956 ||| Stepping ~*~*~tactically~*~*~ (stealth).
  3052 | D:3      | 3052 ||| FLEEEEING.
  3056 | D:3      | 3056 ||| FLEEEEING.
  3057 | D:3      | 3057 ||| FLEEEEING.
  3058 | D:3      | 3058 ||| FLEEEEING.
  3061 | D:3      | 3061 ||| STAIRDANCE
  3177 | D:3      | 3177 ||| SWAPPING to +2 war axe of draining.
  3178 | D:3      | 3178 ||| DROPPING +0 hand axe.
  3221 | D:3      | Gained mutation: Your magical nature lets you fly swiftly
                  | and evasively. [Tengu growth]
  3221 | D:3      | Reached XP level 5. HP: 28/28 MP: 9/9
  3431 | D:3      | HP: 4/25 [orc priest/nerve-wracking pain (11)]
  3743 | D:3      | Found a transporter.
  3745 | D:3      | Noticed qw's ghost (amateur TeWr)
  3747 | D:3      | Found a transporter.
  3867 | D:3      | Reached skill level 6 in Axes
  4233 | D:3      | Found a basalt altar of Yredelemnul.
  4466 | D:3      | 4466 ||| UPGRADING to ring of resist corrosion.
  4467 | D:3      | 4467 ||| READING scroll labelled NIXEV HOIKI.
  4468 | D:3      | 4468 ||| READING scroll labelled MEIRASAMIDI.
  4469 | D:3      | 4469 ||| READING scroll labelled VELURE OTIWIBE.
  4470 | D:3      | 4470 ||| DRINKING 2 bubbling black potions.
  4514 | D:4      | 4514 ||| PLANNING OSSUARY
  4516 | D:4      | 4516 ||| STAIRDANCE
  4534 | D:4      | 4534 ||| STAIRDANCE
  4538 | D:3      | Reached XP level 6. HP: 28/35 MP: 10/10
  4602 | D:4      | 4602 ||| Stepping ~*~*~tactically~*~*~ (stealth).
  4684 | D:4      | 4684 ||| DROPPING +0 mace.
  4717 | D:4      | 4717 ||| Stepping ~*~*~tactically~*~*~ (stealth).
  4730 | D:4      | 4730 ||| Stepping ~*~*~tactically~*~*~ (stealth).
  4731 | D:4      | 4731 ||| Stepping ~*~*~tactically~*~*~ (stealth).
  4765 | D:4      | Reached skill level 7 in Axes
  4771 | D:4      | 4771 ||| Stepping ~*~*~tactically~*~*~ (stealth).
  4785 | D:4      | 4785 ||| Stepping ~*~*~tactically~*~*~ (stealth).
  4793 | D:4      | 4793 ||| Stepping ~*~*~tactically~*~*~ (stealth).
  4818 | D:4      | Found an ancient bone altar of Kikubaaqudgha.
  4869 | D:4      | Reached skill level 3 in Armour
  4940 | D:4      | Found a sand-covered staircase.
  4945 | Ossuary  | Entered an ossuary
  5045 | Ossuary  | Reached XP level 7. HP: 40/40 MP: 11/11
  5220 | Ossuary  | Reached skill level 3 in Fighting
  5257 | Ossuary  | 5257 ||| READING scroll labelled HOROSHR JUPN.
  5258 | Ossuary  | 5258 ||| DRINKING 2 murky white potions.
  5259 | Ossuary  | 5259 ||| DRINKING 2 bubbling sapphire potions.
  5296 | Ossuary  | 5296 ||| READING 3 scrolls of identify.
  5296 | Ossuary  | 5296 ||| IDENTIFYING blue potion
  5297 | Ossuary  | 5297 ||| READING 2 scrolls of identify.
  5297 | Ossuary  | 5297 ||| IDENTIFYING fizzy golden potion
  5298 | Ossuary  | 5298 ||| DROPPING potion of flight.
  5299 | Ossuary  | 5299 ||| DROPPING potion of brilliance.
  5300 | Ossuary  | 5300 ||| DROPPING potion of degeneration.
  5301 | Ossuary  | 5301 ||| DROPPING potion of lignification.
  5316 | D:4      | 5316 ||| PLANNING D:1-11
  5474 | D:4      | 5474 ||| Stepping ~*~*~tactically~*~*~ (stealth).
  5488 | D:4      | 5488 ||| Stepping ~*~*~tactically~*~*~ (stealth).
  5489 | D:4      | 5489 ||| Stepping ~*~*~tactically~*~*~ (stealth).
  5491 | D:4      | 5491 ||| Stepping ~*~*~tactically~*~*~ (stealth).
  5494 | D:4      | 5494 ||| Stepping ~*~*~tactically~*~*~ (stealth).
  5690 | D:4      | Found a staircase to the Ecumenical Temple.
  5691 | D:4      | 5691 ||| PLANNING TEMPLE
  5697 | Temple   | Entered the Ecumenical Temple
  5808 | Temple   | Became a worshipper of Warmaster Okawaru
  6141 | Temple   | 6141 ||| PLANNING D:1-11
  6218 | D:4      | Reached skill level 8 in Axes
  6262 | D:4      | Found a glowing silver altar of Zin.
  6476 | D:4      | 6476 ||| Stepping ~*~*~tactically~*~*~ (stealth).
  6489 | D:4      | Found a bloodstained altar of Trog.
  6496 | D:4      | Found an ornate altar of the Wu Jian Council.
  6554 | D:5      | Entered Level 5 of the Dungeon
  6572 | D:5      | Noticed Duvessa
  6573 | D:5      | Noticed Dowan
  6574 | D:5      | 6574 ||| Stepping ~*~*~tactically~*~*~ (stealth).
  6581 | D:5      | 6581 ||| Stepping ~*~*~tactically~*~*~ (stealth).
  6589 | D:5      | Killed Duvessa
  6596 | D:5      | 6596 ||| Stepping ~*~*~tactically~*~*~ (hiding).
  6597 | D:5      | 6597 ||| Stepping ~*~*~tactically~*~*~ (hiding).
  6602 | D:5      | Killed Dowan
  6603 | D:5      | Reached skill level 9 in Axes
  6603 | D:5      | Reached XP level 8. HP: 26/46 MP: 12/12
  6742 | D:5      | Found a hazy altar of Hepliaklqana.
  6743 | D:5      | Found a shimmering altar of Xom.
  6744 | D:5      | Noticed a spectral ugly thing
  6857 | D:5      | 6857 ||| Stepping ~*~*~tactically~*~*~ (stealth).
  6857 | D:5      | Found a white marble altar of Elyvilon.
  6877 | D:5      | 6877 ||| Stepping ~*~*~tactically~*~*~ (hiding).
  6882 | D:5      | Reached * piety under Okawaru
  6884 | D:5      | 6884 ||| INVOKING Heroism.
  7031 | D:5      | 7031 ||| INVOKING Heroism.
  7040 | D:5      | Reached skill level 1 in Invocations
  7102 | D:5      | 7102 ||| Stepping ~*~*~tactically~*~*~ (stealth).
  7325 | D:5      | Found a shimmering blue altar of Sif Muna.
  7404 | D:5      | 7404 ||| INVOKING Heroism.
  7501 | D:5      | 7501 ||| Stepping ~*~*~tactically~*~*~ (hiding).
  7659 | D:5      | Noticed Menkaure
  7660 | D:5      | 7660 ||| FLEEEEING.
  7673 | D:5      | 7673 ||| FLEEEEING.
  7674 | D:5      | 7674 ||| FLEEEEING.
  7679 | D:5      | 7679 ||| FLEEEEING.
  7680 | D:5      | 7680 ||| FLEEEEING.
  7681 | D:5      | 7681 ||| FLEEEEING.
  7682 | D:5      | 7682 ||| FLEEEEING.
  7704 | D:5      | 7704 ||| INVOKING Heroism.
  7710 | D:5      | Killed Menkaure
  7883 | D:5      | 7883 ||| INVOKING Heroism.
  7886 | D:5      | Reached skill level 3 in Invocations
  7899 | D:5      | Noticed a troll
  7936 | D:5      | Reached skill level 10 in Axes
  7936 | D:5      | Reached XP level 9. HP: 44/52 MP: 13/13
  7994 | D:5      | 7994 ||| INVOKING Heroism.
  8009 | D:5      | Killed a troll
  8076 | D:5      | 8076 ||| DROPPING +0 mace of protection.
  8123 | D:5      | 8123 ||| UPGRADING to ring of willpower.
  8125 | D:5      | 8125 ||| READING scroll labelled NIOQIO RAINEUF.
  8126 | D:5      | 8126 ||| DRINKING 2 bubbling green potions.
  8127 | D:5      | 8127 ||| DRINKING 2 pink potions.
  8128 | D:5      | 8128 ||| READING 2 scrolls of identify.
  8128 | D:5      | 8128 ||| IDENTIFYING sapphire potion
  8129 | D:5      | 8129 ||| DROPPING potion of ambrosia.
  8130 | D:5      | 8130 ||| DROPPING potion of invisibility.
  8172 | D:6      | 8172 ||| Stepping ~*~*~tactically~*~*~ (stealth).
  8206 | D:6      | 8206 ||| Stepping ~*~*~tactically~*~*~ (hiding).
  8224 | D:6      | 8224 ||| Stepping ~*~*~tactically~*~*~ (hiding).
  8229 | D:6      | 8229 ||| INVOKING Heroism.
  8284 | D:6      | 8284 ||| Stepping ~*~*~tactically~*~*~ (hiding).
  8288 | D:6      | 8288 ||| INVOKING Heroism.
  8300 | D:6      | Reached ** piety under Okawaru
  8300 | D:6      | Killed from afar by an orc priest

Levels and vault maps discovered:
D:1:      minmay_arrival_five_plusses, layout_loops_cross, chequers_jeans,
          serial_park_tiny_1, nicolae_kite_square_tiling_tiny
D:2:      minmay_inner_zag, layout_basic,
          chequers_ecumenical_altar_simple_redux, minivault_19, st_stairs_3,
          lightli_corner_chamber
D:3:      layout_basic, lemuel_zombie_altar_yredelemnul,
          gammafunk_ghost_mausoleum, reono_crystal_passage,
          lemuel_another_geyser
D:4:      layout_loops_ring, lemuel_tele_altar, kennysheep_vampire_church,
          amethyst_overflow_temple_binary, minmay_temple_entry_butterflies,
          nicolae_ossuary_entry_false_entrances
D:5:      minmay_clustersquares, layout_loops_cross,
          regret_index_temple_of_mockery, nicolae_sif_muna_little_library,
          elyvilon_altar_4, feat_on_display, uniq_menkaure, uniq_duvessa
D:6:      layout_basic, grunt_gozag_breadcrumbs, old_standard_altar,
          kennysheep_generic_room_12, uniq_grinder
Temple:   jpeg_temple_island

Skill      XL: |  1  2  3  4  5  6  7  8  9 |
---------------+----------------------------+-----
Axes           | 3 4 5 6 7 9 10 | 10.2
Armour         | 2 3 4 |  4.3
Fighting       | 3 4 5 |  5.0
Invocations    | 3 4 |  4.3
Throwing       | |  1.0
Dodging        | |  2.1
Spellcasting   | |  2.0
Translocations | |  2.4

Action                   |  1- 3 |  4- 6 |  7- 9 || total
-------------------------+-------+-------+-------++-------
Melee: Hand axe          |    62 |    70 |       ||   132
       Kick              |    11 |    40 |    50 ||   101
       Peck              |     6 |    25 |    34 ||    65
       War axe           |       |   115 |   185 ||   300
       Punch             |       |       |     3 ||     3
Throw: Boomerang         |     7 |       |       ||     7
Invok: Heroism           |       |       |     8 ||     8
  Use: Scroll            |     3 |     5 |     5 ||    13
       Potion            |       |     1 |     4 ||     5
Armor: Leather armour    |    14 |    16 |       ||    30
       Plate armour      |       |    92 |   106 ||   198
Dodge: Dodged            |    30 |    50 |    52 ||   132

Table legend:
 A = Non-vault XP
 B = Vault XP
 C = Vault XP percentage of total XP
 D = Non-vault monster count
 E = Vault monster count
 F = Vault count percentage of total count
                 A         B        C        D         E       F
            +---------+---------+-------+---------+---------+-------
      Total |    2066 |    1166 |  36.1 |     114 |      40 |  26.0
            +---------+---------+-------+---------+---------+-------
        D:1 |      64 |       0 |   0.0 |      31 |       0 |   0.0
        D:2 |      66 |      10 |  13.2 |      18 |       7 |  28.0
        D:3 |     178 |       7 |   3.8 |      24 |       2 |   7.7
        D:4 |     443 |     124 |  21.9 |      21 |       7 |  25.0
        D:5 |     926 |     878 |  48.7 |      15 |      13 |  46.4
        D:6 |     389 |       0 |   0.0 |       5 |       0 |   0.0
    Ossuary |       0 |     147 | 100.0 |       0 |      11 | 100.0
            +---------+---------+-------+---------+---------+-------
